[Event "*** SCC Grand Prix: Titled Tuesday Blitz"]
[Site "Chess.com"]
[Date "2020.08.11"]
[Round "9"]
[White "Shield12"]
[Black "Azatic"]
[Result "0-1"]
[WhiteElo "2825"]
[BlackElo "2555"]
[TimeControl "180+1"]
[EndTime "11:47:06 PDT"]
[Termination "Azatic won by resignation"]

1. e4 c5 2. Nf3 e6 3. d4 cxd4 4. Nxd4 a6 5. c4 Qc7 6. Nc3 Nf6 7. a3 b6 8. Be3 Bb7 9. f3 Nc6 10. Rc1 Nxd4 11. Bxd4 Bd6 12. g3 h5 13.
Qe2 Be5 14. Bxe5 Qxe5 15. Bg2 d6 16. f4 Qc5 17. e5 Bxg2 18. Qxg2 Qe3+ 19. Kd1 Qd3+ 20.
Qd2 Qf3+ 21. Kc2 dxe5 22. fxe5 Rd8 23. Qf4 Qd3+ 24. Kb3 Rd4 25. Qf1 Qxf1 26. Rcxf1 Ng4 27. Re1 Ke7 28. h3 Nh6 29. Re4 Rhd8 30. Rhe1 Nf5 31.
g4 hxg4 32. hxg4 Ng3 33. Rxd4 Rxd4 34. Rg1 Ne4 35. Nxe4 Rxe4 36. Kc3 Rxe5 37. Kd4 Re2 38. b4 Ra2 39. Rg3 Kd6 40. Rd3 f6 41. Ke4+ Kc6 42. g5 Rg2 43. gxf6 gxf6 44. Rf3 Rg4+ 45. Kd3 f5 46. Rh3 Kd6 47. a4 a5 48.
bxa5 bxa5 49. Rh8 Rg3+ 50. Kc2 Ra3 51. Ra8 Rxa4 52. Kb3 Ra1 53. Kb2 Ra4 54. Kb3 Rb4+ 55. Kc3 Rb1 56. Rxa5 Rc1+ 57. Kd3 e5 58. Ra6+ Ke7 59.
Rh6 Rd1+ 60. Ke2 Rc1 61. Kd3 e4+ 62. Kd4 Rd1+ 63. Ke5 e3 64. Re6+ Kd7 65. Kf6 f4 66. Re4 f3 67. Rxe3 f2 68. Rf3 f1=Q 69. Rxf1 Rxf1+ 70. Ke5 Rd1 0-1

[Event "*** SCC Grand Prix: Titled Tuesday Blitz"]
[Site "Chess.com"]
[Date "2020.08.11"]
[Round "9"]
[White "lider34"]
[Black "czasnaszachy"]
[Result "1-0"]
[WhiteElo "2379"]
[BlackElo "2223"]
[TimeControl "180+1"]
[EndTime "11:47:06 PDT"]
[Termination "lider34 won on time"]

1. e4 c5 2. c3 d5 3. exd5 Qxd5 4. d4 Nf6 5. Nf3 Bg4 6. Be2 e6 7. O-O Be7 8. h3 Bh5 9. Be3 cxd4 10. Nxd4 Bxe2 11. Qxe2 O-O 12. Rd1 Qa5 13. Nd2 Nc6 14.
N2b3 Qc7 15. Nxc6 Qxc6 16. Bd4 b6 17. Rd2 Rfd8 18. Rad1 Nd5 19. Qe4 Qc7 20. Rd3 Qf4 21. Qxf4 Nxf4 22. R3d2 f6 23. Be3 Nd5 24. Nd4 Nxe3 25.
fxe3 Kf7 26. Nc6 Rxd2 27. Rxd2 Ke8 28. Kf2 a5 29. a4 Rc8 30. Nd4 e5 31. Nb5 Rc4 32.
b3 Rc6 33. Rd5 Kf7 34. Rd7 Ke6 35. Rb7 g6 36. Ke2 h6 37. Kd3 f5 38. Kc2 Bg5 39. Kd3 Bf6 40. Na7 Rd6+ 41. Kc2 e4 42. Nc8 Rd3 43. Rxb6+ Kf7 44. Nd6+ Ke7 45. Nb5 Rxe3 46. b4 axb4 47. cxb4 Re2+ 48. Kb3 Rxg2 49. a5 Rb2+ 50. Kc4 e3 51. Rb7+ Ke6 52. Nc7+ Ke5 53.
Rb8 e2 54. Re8+ Kd6 55. Nd5 Be5 56. Rd8+ Ke6 57. Re8+ Kd6 58. Rd8+ Kc6 59. b5+ Kb7 60. a6+ Ka7 61. Rd7+ Ka8 62. b6 Rxb6 63. Nxb6+ Kb8 64.
Rc7 1-0

[Event "*** SCC Grand Prix: Titled Tuesday Blitz"]
[Site "Chess.com"]
[Date "2020.08.11"]
[Round "9"]
[White "Koksik_13"]
[Black "seorobert1971"]
[Result "1-0"]
[WhiteElo "2647"]
[BlackElo "2731"]
[TimeControl "180+1"]
[EndTime "11:47:08 PDT"]
[Termination "Koksik_13 won by resignation"]

1. d4 Nf6 2. Nc3 d5 3. Bf4 a6 4. e3 e6 5. Nf3 b5 6. a3 c5 7. dxc5 Bxc5 8. Bd3 Nbd7 9. Qe2 Bb7 10. Rd1 Qb6 11. O-O O-O 12. e4 dxe4 13. Nxe4 Nxe4 14. Bxe4 Nf6 15. Bxb7 Qxb7 16. Be5 Be7 17. Rd3 Rfd8 18. Rfd1 Rxd3 19. Qxd3 h6 20. Qb3 Rc8 21. h3 Qc6 22. c3 Nd5 23. Qc2 Bf8 24. Qe4 Qc4 25. Rd4 Qa2 26. Qg4 Qxb2 27. Rxd5 Rc4 28. Rd4 Rxd4 29.
Bxd4 Qxa3 30. Ne5 Qe7 31. Qf3 b4 32. cxb4 Qxb4 33. Qxf7+ Kh7 34. Qg6+ Kg8 35. Qxe6+ Kh7 36. Qf5+ Kg8 37. Qe4 Bd6 38. g3 a5 39. Nc6 Qc4 40. Qg4 Bf8 41. Ne7+ Kf7 42. Nf5 a4 43. Qf4 Kg8 44.
Qe5 Qc1+ 45. Kh2 Qg5 46. h4 Qg6 47. Ne7+ Bxe7 48. Qxe7 h5 49. Qb4 Qc6 50. Qc3 Qd7 51. Qa1 Kh7 52. Bxg7 Qxg7 53. Qxa4 Qf6 54. Qf4 Qxf4 55.
gxf4 Kg6 56. Kg3 Kf6 57. Kf3 Kf5 58. Ke3 Kg4 59. Ke4 Kxh4 60. Kf3 1-0

[Event "*** SCC Grand Prix: Titled Tuesday Blitz"]
[Site "Chess.com"]
[Date "2020.08.11"]
[Round "9"]
[White "goldihouse"]
[Black "KarpovVadim"]
[Result "0-1"]
[WhiteElo "2440"]
[BlackElo "2314"]
[TimeControl "180+1"]
[EndTime "11:47:13 PDT"]
[Termination "KarpovVadim won on time"]

1. c4 e6 2. g3 d5 3. Bg2 Nf6 4. Nf3 Be7 5. O-O O-O 6. b3 c6 7. Bb2 b6 8. Qc2 Bb7 9. d3 Nbd7 10. Nbd2 Rc8 11. e4 dxe4 12. dxe4 Nc5 13. e5 Nfd7 14. Rad1 a5 15. Ne4 Nxe4 16. Qxe4 Qc7 17. Qg4 Rfd8 18.
h4 Nf8 19. h5 Rxd1 20. Rxd1 Rd8 21. Re1 h6 22. Bc1 Kh8 23. Qf4 Bb4 24. Re2 Qe7 25. Be3 Nd7 26. Nh2 Bc5 27. Rd2 Bxe3 28. Qxe3 Nc5 29.
Ng4 Rxd2 30. Qxd2 Qd7 31. Qf4 Kg8 32. Nh2 Qd1+ 33. Nf1 Qxh5 34. Qd4 Qg5 35. Nd2 Qe7 36.
Nf3 Kf8 37. a3 Qd7 38. b4 axb4 39. axb4 Qxd4 40. Nxd4 Nd3 41. b5 Nxe5 42. bxc6 Bc8 43.
Bf1 Ke7 44. f4 Ng4 45. Nb5 Nf6 46. Bg2 Ne8 47. Kf2 Nd6 48. Na3 Ba6 49. Bf1 Kd8 50. Ke3 Kc7 51. c5 Bxf1 52. cxd6+ Kxd6 53. Nc2 Kxc6 54. Nd4+ Kd6 55. Nf3 f6 56. Nd2 Ba6 57. Ne4+ Kd5 58. Nc3+ Kc4 59. Ne4 Kd5 60. Nc3+ Kc6 61.
Ne4 b5 62. Kd4 b4 63. Nd2 Bb5 64. Nb3 h5 65. Na5+ Kd6 66. Nb3 e5+ 67. fxe5+ fxe5+ 68. Ke3 Bc4 69. Nd2 Kd5 70. Ne4 b3 71. Nc3+ Kc5 72.
Ke4 Kb4 73. Nd1 Be2 74. Nb2 Ka3 75. Ke3 Kxb2 76. Kxe2 Kc1 0-1

[Event "*** SCC Grand Prix: Titled Tuesday Blitz"]
[Site "Chess.com"]
[Date "2020.08.11"]
[Round "9"]
[White "Susal_De_Silva"]
[Black "aNaartjieZA"]
[Result "0-1"]
[WhiteElo "2343"]
[BlackElo "2513"]
[TimeControl "180+1"]
[EndTime "11:47:15 PDT"]
[Termination "aNaartjieZA won on time"]

1. e4 e6 2. d4 d5 3. Nc3 Bb4 4. e5 c5 5. a3 Bxc3+ 6. bxc3 Ne7 7. Qg4 Qc7 8. Qxg7 Rg8 9. Qxh7 cxd4 10. Qd3 Qxe5+ 11.
Ne2 dxc3 12. Bf4 Qf6 13. Qxc3 Qxc3+ 14. Nxc3 f6 15. Nb5 Na6 16. Nd6+ Kd7 17. Bb5+ Kc7 18. Ne8+ Kb6 19. Rb1 e5 20. Bd7+ Kc5 21. Rb5+ Kc4 22. Nd6+ Kc3 23. Bd2+ Kd4 24. Ke2 e4 25. Bxc8 Nxc8 26.
Nf5+ Ke5 27. Ne3 Nc7 28. Bc3+ Ke6 29. Rc5 Kd6 30. Bb4 b6 31. Rxd5+ Kc6 32. Rd4 a5 33. Bd2 Re8 34. h4 Nd6 35. c4 f5 36. Rd1 Ne6 37.
Rxd6+ Kxd6 38. Bxa5+ Kc6 39. Bb4 Nf4+ 40. Kf1 Nd3 41.
Nxf5 Ra7 42. g4 Rg8 43. g5 Rh8 44. Nh6 b5 45. cxb5+ Kxb5 46. Bc3 Rf8 47. Bd4 Rxa3 48. Be3 Ra6 49. h5 Nxf2 50. Rb1+ Kc4 51. Bxf2 Ra2 52. Ng4 Raxf2+ 53. Nxf2 e3 54. Rb2 Rf5 55. g6 Rxh5 56. Ne4 Rh1+ 57. Kg2 Rh6 58. Rb6 Kd3 59. Ng3 e2 60. Rd6+ Ke3 61. Nf5+ Kf4 62. Nxh6 e1=Q 63. g7 Qg3+ 64. Kf1 Qxg7 65. Rd4+ Qxd4 0-1

[Event "*** SCC Grand Prix: Titled Tuesday Blitz"]
[Site "Chess.com"]
[Date "2020.08.11"]
[Round "9"]
[White "ferch1ni"]
[Black "AttilaTurzo"]
[Result "1-0"]
[WhiteElo "2317"]
[BlackElo "2437"]
[TimeControl "180+1"]
[EndTime "11:47:21 PDT"]
[Termination "ferch1ni won on time"]

1. e4 c5 2. Nf3 d6 3. d4 cxd4 4.
Nxd4 Nf6 5. f3 e5 6. Nb3 d5 7. Bg5 dxe4 8. Qxd8+ Kxd8 9. fxe4 Be7 10. Nc3 a6 11. Bxf6 Bxf6 12. Nd5 Be6 13. O-O-O Bxd5 14.
Rxd5+ Kc7 15. Be2 Nc6 16. Rhd1 Rad8 17. c3 Be7 18. Nc5 Bxc5 19. Rxc5 Rxd1+ 20. Bxd1 g6 21.
Ba4 Re8 22. Bxc6 bxc6 23. b4 Kb6 24. a4 f5 25. Kd2 f4 26. Ke2 g5 27. Kf3 h5 28. h3 Re7 29. Ke2 g4 30. Kf2 Re8 31. Ke2 Kb7 32. b5 axb5 33. axb5 cxb5 34. Rxb5+ Kc6 35. Ra5 Kd6 36. Ra6+ Kc5 37. Rh6 gxh3 38. gxh3 Kc4 39. Rc6+ Kb5 40. Rc7 Rg8 41. Re7 Rg5 42.
h4 Rg2+ 43. Kf1 Rh2 44. Rxe5+ Kc4 45. Rxh5 Kd3 46. Kg1 Rc2 47. e5 Ke3 48. e6 Rc1+ 49.
Kh2 Kf2 50. e7 Re1 51. Rh7 f3 52. Rf7 Re4 53. Kh3 Re1 54. c4 Rh1+ 55. Kg4 Rg1+ 56. Kh3 Rh1+ 57. Kg4 Rg1+ 58. Kh5 Re1 59. c5 Kg2 60. c6 Re5+ 61. Kg4 f2 62. c7 Rxe7 63. Rxf2+ Kxf2 64. c8=Q Rg7+ 65. Kf5 Rf7+ 66. Kg6 Rf3 67. h5 Kg3 68. h6 Rf4 69. h7 1-0

[Event "*** SCC Grand Prix: Titled Tuesday Blitz"]
[Site "Chess.com"]
[Date "2020.08.11"]
[Round "9"]
[White "Chessbard1972"]
[Black "rugbyclub"]
[Result "0-1"]
[WhiteElo "2310"]
[BlackElo "2207"]
[TimeControl "180+1"]
[EndTime "11:47:21 PDT"]
[Termination "rugbyclub won on time"]

1. d4 Nf6 2. Nf3 d5 3. c4 e6 4. Nc3 Bb4 5. e3 c5 6. cxd5 exd5 7. a3 Bxc3+ 8. bxc3 c4 9. a4 O-O 10. Ba3 Re8 11. Nd2 Bf5 12. Be2 Nc6 13. O-O Qa5 14.
Qc1 h6 15. Qb2 Qc7 16. h3 b6 17. Bf3 Rad8 18. Rfe1 Bd3 19. Nf1 Ne7 20. Ng3 Nf5 21. Nxf5 Bxf5 22. Be2 Qd7 23. Bf1 Ne4 24. f3 Ng3 25.
Qf2 Nxf1 26. Qxf1 Re6 27. e4 dxe4 28. fxe4 Bxe4 29. Qxc4 Bd5 30. Qb5 Bc6 31. Qa6 Qd5 32.
Qf1 Rde8 33. Rxe6 Rxe6 34. Rc1 Rg6 35. Rc2 Bxa4 36. Rf2 Bc6 37. Bb2 b5 38. Ba3 a5 39.
Bc5 Qe6 40. Qe2 Qxh3 41. Bb6 Qxc3 42. Qa2 Qc4 43. Qxc4 bxc4 44. Bxa5 Bd5 45. Kf1 h5 46. Bc3 f6 47. Re2 Kf7 48. Be1 Rg4 49. Bf2 Kg6 50. g3 Kf5 51. Ke1 g5 52. Re7 Be4 53. Kd2 h4 54. gxh4 gxh4 55. Rh7 Rg2 56. Ke3 c3 57. Bxh4 c2 58. Rh5+ Kg6 59. Rc5 Rg1 60. Kxe4 c1=Q 61.
Rxc1 Rxc1 62. Bg3 Rd1 63. Kd5 f5 64. Ke5 Rd3 65. Bf4 Rd1 66. d5 Re1+ 67. Kd6 Kf6 68. Kc6 Re4 69. Bc7 Rc4+ 70. Kd7 Rd4 71. d6 f4 72. Bd8+ Kf7 0-1

[Event "*** SCC Grand Prix: Titled Tuesday Blitz"]
[Site "Chess.com"]
[Date "2020.08.11"]
[Round "9"]
[White "DenLaz"]
[Black "Sekar24"]
[Result "1/2-1/2"]
[WhiteElo "2679"]
[BlackElo "2517"]
[TimeControl "180+1"]
[EndTime "11:47:23 PDT"]
[Termination "Game drawn - insufficient material"]

1. b3 e5 2. Bb2 Nc6 3. e3 Nf6 4. Bb5 Bd6 5. Na3 Na5 6. Nc4 Nxc4 7. Bxc4 O-O 8. Ne2 c6 9. Ng3 Bc7 10. O-O d5 11. Be2 Re8 12. d3 a5 13. a3 Qe7 14.
c4 Be6 15. Qc2 Rad8 16. Rac1 h6 17. cxd5 Nxd5 18. Rfd1 f5 19. Bf3 Nf6 20. Rb1 Qf7 21. Bc3 Qg6 22. b4 axb4 23. axb4 h5 24. Nf1 Bd5 25. Bxd5+ Nxd5 26. Be1 f4 27. e4 f3 28. g3 Nf4 29. Rd2 h4 30. b5 hxg3 31. fxg3 Bb6+ 32. Kh1 Bd4 33. bxc6 bxc6 34. Rbd1 Kh7 35. Bf2 Ne2 36. Bxd4 Nxd4 37. Qb2 Rb8 38. Qa2 Qh6 39.
Rf2 Rf8 40. Qd2 Qh3 41. Qe3 c5 42. Nd2 Rb2 43. Rdf1 Qh5 44. Nc4 Rxf2 45. Qxf2 Rb8 46. Ne3 Rb3 47. Nf5 Rxd3 48. Ne7 Rc3 49. Nd5 Rc2 50.
Qg1 f2 51. Qg2 Qe2 52. Qh3+ Kg8 53. Qc8+ Kh7 54. Qh3+ Kg6 55. Ne7+ Kf7 56. Nd5 Qxe4+ 57.
Qg2 Qxg2+ 58. Kxg2 e4 59. Rxf2+ Rxf2+ 60. Kxf2 Nf5 61. g4 Nd6 62. Ke3 Ke6 63. Nf4+ Ke5 64.
Ng6+ Kf6 65. Nf4 Kg5 66. Ne6+ Kxg4 67. Nxg7 Kh3 68. Ne6 c4 69. Ng5+ Kxh2 70. Nxe4 Nxe4 71. Kxe4 c3 72. Kd3 Kg2 73. Kxc3 1/2-1/2

[Event "*** SCC Grand Prix: Titled Tuesday Blitz"]
[Site "Chess.com"]
[Date "2020.08.11"]
[Round "9"]
[White "BeanScreen"]
[Black "Zhani-Z"]
[Result "0-1"]
[WhiteElo "2681"]
[BlackElo "2482"]
[TimeControl "180+1"]
[EndTime "11:47:24 PDT"]
[Termination "Zhani-Z won by checkmate"]

1. e4 c5 2. Nf3 Nf6 3. e5 Nd5 4. Nc3 e6 5. Ne4 Nc6 6. Bb5 Qc7 7. Bxc6 Qxc6 8. O-O b6 9. d3 Bb7 10. Bg5 h6 11. Bh4 g5 12. Bg3 Be7 13. Nfd2 h5 14. h3 f5 15. exf6 Nxf6 16. Be5 g4 17. Bxf6 Bxf6 18.
Nxf6+ Ke7 19. Nfe4 d5 20. Ng3 h4 21. Qxg4 Rag8 22. Nf5+ exf5 23. Qxf5 d4 24. Rfe1+ Kd8 25. Ne4 Qg6 26. Qxg6 Rxg6 27. f3 Rhg8 28. Re2 Kc7 29. Rae1 Bc8 30. Kf1 Bxh3 31. Rf2 Rxg2 32. Ke2 Rxf2+ 33.
Nxf2 Bg2 34. Ng4 Re8+ 35. Kf2 Rxe1 36. Kxe1 Bxf3 37. Nh2 Bd5 38. b3 Kd6 39. Kf2 Kc6 40. Ng4 h3 41. Kg3 Bg2 42. Nf2 Kb5 43. a3 a5 44. Ng4 a4 45. bxa4+ Kxa4 46. Ne5 Kxa3 47. Nc4+ Kb4 48. Nxb6 Bc6 49. Kxh3 Kc3 50. Nc4 Kxc2 51. Ne5 Bd5 52. Nd7 c4 53. Nb6 cxd3 54. Nxd5 d2 55.
Nb4+ Kb3 56. Nd3 d1=Q 57. Ne5 Qe1 58. Nf3 Qe3 59. Kg2 d3 60. Nh4 d2 61. Nf5 Qe2+ 62.
Kg3 d1=Q 63. Nd4+ Qxd4 64. Kh3 Qdg4# 0-1

[Event "*** SCC Grand Prix: Titled Tuesday Blitz"]
[Site "Chess.com"]
[Date "2020.08.11"]
[Round "9"]
[White "temus_galaktionov"]
[Black "Lupul_Cenusiu"]
[Result "1-0"]
[WhiteElo "2677"]
[BlackElo "2499"]
[TimeControl "180+1"]
[EndTime "11:47:26 PDT"]
[Termination "temus_galaktionov won by resignation"]

1. d4 Nf6 2. Nf3 e6 3. c4 c5 4. d5 d6 5. Nc3 a6 6. a4 Qa5 7.
Bd2 Qc7 8. e4 Be7 9. h3 O-O 10.
Be2 Nbd7 11. O-O Re8 12. Re1 Nf8 13. Bf4 e5 14. Bh2 Ng6 15. Rf1 Bd8 16. Ne1 Qe7 17. a5 Bd7 18. Nd3 Rc8 19. Qb3 Rb8 20. Na4 Bxa4 21.
Qxa4 Qd7 22. Qc2 Bc7 23. f3 Qd8 24. Qa4 b6 25. axb6 Rxb6 26. Ra2 Qd7 27. Qxd7 Nxd7 28.
Rfa1 Ra8 29. Bd1 Bd8 30. Bg3 h6 31. Kf1 Bg5 32. Bf2 Nf4 33. Nxf4 Bxf4 34. Ba4 Nb8 35. Ke2 Rb7 36. Kd3 Bg5 37. Kc2 Bd8 38. Bb5 a5 39. Be1 Rba7 40. Kb1 Bc7 41. Ra4 Bd8 42. R1a3 Bc7 43. Bd2 Bd8 44. Kc1 Kf8 45. Kd1 Bc7 46. g3 Bd8 47. Ke2 f6 48. f4 Bc7 49. Kf3 Bd8 50. Kg4 g6 51. fxe5 fxe5 52. Bxh6+ Kg8 53.
Bd2 Kg7 54. h4 Bb6 55. Ra1 Bd8 56. Bg5 Bxg5 57. Kxg5 Kh7 58. R4a3 Kg7 59. Rf1 Rf7 60.
Rxf7+ Kxf7 61. Kh6 Ra7 62. Rf3+ Kg8 63. Kxg6 Rg7+ 64.
Kh5 Nd7 65. Bxd7 Rxd7 66. Kg4 Rb7 67. b3 Kg7 68. Kh3 Rb4 69. Rc3 a4 70. bxa4 Rxa4 71. g4 Kg6 72. Kg3 Rb4 73. h5+ Kg5 74. Rf3 Rxc4 75.
Rf5+ Kh6 76. Rf6+ Kh7 77. Rxd6 Rxe4 78. Kh4 c4 79. Rc6 Rd4 80. Kg5 e4 81. Rc7+ Kg8 82. Kf6 e3 83. g5 Rf4+ 84. Kg6 Kf8 85. d6 Ke8 86. Re7+ Kd8 87. Rxe3 Kd7 88. h6 Kxd6 89. Rh3 Rf8 90. h7 Kd5 91. h8=Q Rxh8 92. Rxh8 1-0

[Event "*** SCC Grand Prix: Titled Tuesday Blitz"]
[Site "Chess.com"]
[Date "2020.08.11"]
[Round "9"]
[White "Anton_Demchenko"]
[Black "Fandorine"]
[Result "0-1"]
[WhiteElo "2845"]
[BlackElo "2916"]
[TimeControl "180+1"]
[EndTime "11:47:32 PDT"]
[Termination "Fandorine won by resignation"]

1. d4 Nf6 2. Nf3 g6 3. Bf4 Bg7 4. c3 O-O 5. Nbd2 d6 6. e4 Nfd7 7. Be2 Nc6 8. d5 Nce5 9. Nxe5 Nxe5 10. Be3 c6 11. O-O Nd7 12. Re1 Nf6 13. Bf3 Nd7 14. a4 c5 15. Be2 Rb8 16. Nc4 b6 17. Qd2 a6 18. Bh6 Qc7 19. Bxg7 Kxg7 20. f4 Bb7 21. Bf3 b5 22. axb5 axb5 23. Ne3 Ra8 24. h4 c4 25.
h5 Qc5 26. Kh2 e5 27. Rxa8 Bxa8 28. f5 Nf6 29. Kg3 gxh5 30. Kh3 Rg8 31. Qf2 Bb7 32.
Qh4 h6 33. Bxh5 Qc7 34. Bf3 Qe7 35. Ra1 Bc8 36. Ra5 Qd8 37. Rxb5 h5 38. Rb8 Qe7 39. Rb6 Qd8 40. Rc6 Qe7 41. g3 Bd7 42. Rc7 Kf8 43. Rxc4 Ke8 44. Ra4 Bxa4 45. b4 Bd7 46.
c4 Kd8 47. c5 dxc5 48. bxc5 Ng4 49. Bxg4 hxg4+ 50. Kg2 Qxh4 51. gxh4 Bb5 52. Kg3 Bd3 53. f6 Bxe4 54. h5 Kd7 55. h6 Bg6 56. Kxg4 Bh7+ 57. Kh5 e4 58. Ng4 Kd8 59. Ne5 Ke8 60. d6 e3 61. c6 e2 62. c7 Bf5 63. h7 Rh8 64.
Kg5 e1=Q 65. Kxf5 Qf2+ 66. Ke4 Qe2+ 67. Kd5 Qb5+ 68. Kd4 Qd7 69. Kd5 Rxh7 70. Nxd7 Kxd7 71. Ke5 Rh5+ 72. Kd4 Rf5 73. Ke4 Rxf6 74. Ke5 Re6+ 75. Kd5 Rxd6+ 76. Ke5 Rc6 77. Kd5 Rxc7 78. Ke5 Ke7 79.
Kf5 Rd7 80. Ke5 Rd6 0-1

[Event "*** SCC Grand Prix: Titled Tuesday Blitz"]
[Site "Chess.com"]
[Date "2020.08.11"]
[Round "9"]
[White "GregShahade"]
[Black "Fins0905"]
[Result "0-1"]
[WhiteElo "2710"]
[BlackElo "2650"]
[TimeControl "180+1"]
[EndTime "11:47:32 PDT"]
[Termination "Fins0905 won by resignation"]

1. e4 d5 2. exd5 Qxd5 3. Nc3 Qe5+ 4. Be2 c6 5. Nf3 Qc7 6. O-O Nf6 7. d3 Bg4 8. h3 Bh5 9. Bg5 e6 10. Qd2 Nbd7 11.
Rfe1 Be7 12. Ne4 O-O 13. Rad1 Rad8 14. Qc1 Bg6 15. Bf4 Qa5 16. Nc3 Bb4 17. Bd2 Bxc3 18.
Bxc3 Qxa2 19. Qf4 Nd5 20. Qd2 Nxc3 21. Qxc3 Qd5 22. Ra1 a6 23. Nd2 Qd6 24. Nc4 Qc7 25. Bf3 h6 26. Qb4 Nf6 27. Ne5 Bh7 28. Qb3 Rfe8 29.
g3 Bf5 30. h4 Nd7 31. Nc4 e5 32. Re2 Be6 33. Qc3 Bd5 34. Be4 Nf6 35. Bg2 Bxg2 36.
Kxg2 Nd5 37. Qb3 f6 38. Rae1 Qf7 39. Kg1 Rd7 40. Na5 Ne7 41. Qb4 Nf5 42. c3 Rc8 43.
Qe4 Nd6 44. Qf3 Qd5 45. Qxd5+ cxd5 46. Nb3 Nb5 47. Ra1 Rdc7 48. Rd2 Kf7 49. Kg2 Ke6 50. Re1 Kf7 51. f3 Nd6 52. Rde2 b6 53. Kf2 a5 54.
Nc1 a4 55. Na2 Nb5 56. Rc1 a3 57. bxa3 Nxa3 58. Rb2 b5 59. Rb3 Ra8 60. Nb4 Ke6 61. Ra1 Rca7 62. Nc6 Ra6 63. Nb4 Ra4 64. Ra2 Kd6 65. Kg2 Kc5 66. Kh3 d4 67. cxd4+ exd4 68. Nc2 Nxc2 69. Rxc2+ Kb6 70. Rcb2 R8a5 71. Rc2 Ra3 72.
Rcb2 Rxb3 73. Rxb3 Kc5 74. Kg4 b4 75. Kf5 Ra3 76.
Rb1 Rxd3 77. Ke4 Re3+ 78. Kf4 b3 79. g4 Kc4 80. h5 Re2 81. Kf5 b2 82. f4 Kc3 83.
Kg6 Rg2 84. Kf5 Kc2 85. Re1 b1=Q 86. Rxb1 Kxb1 87. g5 fxg5 88. fxg5 Rxg5+ 89. Ke4 Rxh5 90. Kd3 Rf5 91. Kxd4 Rf8 92. Ke3 h5 0-1

[Event "*** SCC Grand Prix: Titled Tuesday Blitz"]
[Site "Chess.com"]
[Date "2020.08.11"]
[Round "9"]
[White "Donskov_AN"]
[Black "Politov_Pavel"]
[Result "0-1"]
[WhiteElo "2542"]
[BlackElo "2141"]
[TimeControl "180+1"]
[EndTime "11:47:49 PDT"]
[Termination "Politov_Pavel won by checkmate"]

1. e4 e6 2. d4 d5 3. Nc3 Bb4 4. Ne2 dxe4 5. a3 Be7 6. Nxe4 Nf6 7. N2c3 Nbd7 8. Bd3 Nxe4 9. Nxe4 Nf6 10. c3 Bd7 11.
Qe2 Bc6 12. O-O Nxe4 13. Bxe4 Bxe4 14. Qxe4 Qd5 15. Qe2 O-O 16. Be3 b5 17. Rac1 Rab8 18. Rc2 a5 19. Rfc1 Bd6 20. Bd2 a4 21. Be3 Rfd8 22. c4 bxc4 23. Rxc4 Qb5 24. R4c2 Qxe2 25. Rxe2 Rb3 26. Rc4 Ra8 27. Kf1 Kf8 28. h3 Ke7 29.
Rec2 Kd7 30. Ke2 h5 31. Bc1 Ra5 32. R2c3 Rxc3 33. Rxc3 c5 34. Be3 cxd4 35. Bxd4 e5 36. Be3 Rb5 37. Bc1 Bc5 38. Rc4 Bd4 39. Rxa4 Bxb2 40.
Be3 Rb7 41. Ra6 Bd4 42. Bd2 Rb2 43. Kd3 Rb3+ 44. Ke4 g6 45. Bb4 f5+ 46. Kd5 Bxf2 47. Kxe5 Bg3+ 48. Kf6 f4 49. Kxg6 h4 50. Rd6+ Kc7 51.
Rf6 Rb2 52. Bd6+ Kd7 53. Bxf4 Rxg2 54. Kh5 Bxf4 55. Rxf4 Rg3 56. Kxh4 Rxa3 57. Kg4 Ke6 58. h4 Ra1 59. Kg5 Rg1+ 60. Kh6 Rg2 61. h5 Ke7 62.
Kh7 Rg5 63. h6 Rg3 64. Rf2 Rg5 65. Kh8 Rg6 66. Kh7 Rg4 67. Rf5 Rg3 68. Kh8 Rg6 69. h7 Rg4 70. Rf1 Rg5 71. Rb1 Rg6 72. Rb8 Kf7 73.
Rg8 Rb6 74. Rc8 Rg6 75. Rc7+ Kf8 76. Rb7 Ke8 77. Rg7 Rf6 78. Kg8 Rf8# 0-1

[Event "*** SCC Grand Prix: Titled Tuesday Blitz"]
[Site "Chess.com"]
[Date "2020.08.11"]
[Round "9"]
[White "StellarChessPro"]
[Black "Ole83"]
[Result "0-1"]
[WhiteElo "2511"]
[BlackElo "2369"]
[TimeControl "180+1"]
[EndTime "11:47:49 PDT"]
[Termination "Ole83 won by resignation"]

1. b3 b6 2. Bb2 Bb7 3. Nf3 Nf6 4.
g3 g6 5. Bg2 Bg7 6. O-O O-O 7.
Nh4 Bxg2 8. Nxg2 c5 9. e3 Nc6 10. d4 cxd4 11. exd4 d5 12. Re1 Rc8 13. a3 Qd7 14.
Nd2 Rfe8 15. Nf3 Ne4 16. Ne5 Nxe5 17. dxe5 Qc6 18. Ne3 Red8 19. Bd4 Qe6 20. f4 Rc7 21. Qf3 f5 22. Rad1 Qc6 23. g4 e6 24. h4 fxg4 25.
Qxg4 Rf8 26. Rf1 Rcf7 27. Rf3 Kh8 28. Kh2 Bh6 29. Rdf1 Nd2 30. Ng2 Nxf1+ 31. Rxf1 Rf5 32. c3 Qb5 33. Rf2 Qxb3 34. Ne3 Bxf4+ 35. Kg2 Bxe3 36. Bxe3 Qxc3 37. Re2 Qc4 38. Qxc4 dxc4 39. Bh6 Rc8 40. Bg5 Kg7 41. Bf6+ Kf7 42. Rc2 Rxf6 43. exf6 Kxf6 44. Kf3 Ke5 45. Ke3 b5 46. Re2 a5 47. Kd2+ Kd5 48. Kc3 Rb8 49. Rd2+ Kc5 50. Re2 b4+ 51. Kc2 Kd5 52. Rd2+ Kc5 53. Re2 Rb6 54. Re5+ Kd4 55. Rxa5 b3+ 56. Kb1 c3 57. Rg5 Kd3 58. Rg3+ Kd2 59.
Rg2+ Ke3 60. Rg3+ Kd4 61. Rg4+ Kc5 62. Rg5+ Kd6 63. Rg3 Rc6 64. Rg1 e5 65. a4 e4 66.
Rc1 Kd5 67. a5 Kd4 68. Rd1+ Ke3 69. Re1+ Kd3 70. Rd1+ Ke2 71. Rh1 e3 72. h5 gxh5 73. Rh2+ Kd3 74. Rh1 c2+ 75. Kb2 Kd2 76. Rh2+ e2 77.
Rh1 c1=Q+ 78. Rxc1 Rxc1 79. a6 e1=Q 80. a7 Rb1+ 81. Ka3 Qe7+ 82. Ka4 Qxa7+ 83. Kb5 Qb7+ 84. Kc5 Rc1+ 85. Kd4 Qb4+ 86. Kd5 Qc4+ 0-1

[Event "*** SCC Grand Prix: Titled Tuesday Blitz"]
[Site "Chess.com"]
[Date "2020.08.11"]
[Round "9"]
[White "Kate1606"]
[Black "MestreSoares"]
[Result "0-1"]
[WhiteElo "1813"]
[BlackElo "2149"]
[TimeControl "180+1"]
[EndTime "11:47:49 PDT"]
[Termination "MestreSoares won on time"]

1. d4 Nf6 2. c4 c5 3. d5 e5 4. Nc3 d6 5. e4 Be7 6. h3 Nbd7 7. Nf3 Nf8 8. Bd3 Ng6 9. O-O h5 10. Bc2 h4 11. Ba4+ Bd7 12. Bxd7+ Qxd7 13. Re1 Nh5 14.
Qa4 Ngf4 15. Qxd7+ Kxd7 16. Rd1 a6 17. Be3 Rhg8 18. a3 g5 19. Nh2 Nf6 20. Na4 Kc7 21. f3 b5 22. cxb5 axb5 23. Nc3 Rgb8 24. Bxf4 exf4 25.
Rac1 Nd7 26. Ng4 Bf6 27. Nxf6 Nxf6 28. e5 Nd7 29. exd6+ Kxd6 30. Ne4+ Ke5 31. Nxg5 f5 32. Nf7+ Kf6 33. Nd6 b4 34. axb4 Rxb4 35. Nc4 Rg8 36. Re1 Rb3 37. Re6+ Kf7 38. Nd6+ Kf8 39. Re8+ Kg7 40. Rxg8+ Kxg8 41. Rc2 Nf6 42. Nxf5 Nxd5 43. Nxh4 Kf7 44. Rxc5 Ne3 45. Nf5 Rxb2 46. Nxe3 fxe3 47. Re5 Rb1+ 48. Kh2 Re1 49. Kg3 Kf6 50. Re4 Kf5 51.
h4 Re2 52. h5 Re1 53. h6 Kg6 54. Kf4 Kxh6 55. Rxe3 Ra1 56. g4 Kg6 57. Re6+ Kf7 58. Re4 Kg6 59. Kg3 Rg1+ 60. Kf2 Ra1 61. Kg2 Kg5 62.
Kg3 Rg1+ 63. Kf2 Ra1 64. Rb4 Rc1 65. Rb5+ Kf6 66. f4 Rc3 67. Rb6+ Kf7 68. f5 Rd3 69. Rc6 Kg7 70. g5 Kf7 71. g6+ Kg7 72. Ke2 Rd5 73.
Rb6 Rxf5 74. Rb7+ Kxg6 75. Ke3 Kg5 76. Rb6 Rf1 77. Ra6 Re1+ 78. Kf2 Rb1 79. Kg2 Rb2+ 80.
Kg3 Rb3+ 81. Kg2 Kf4 82. Kh2 Rb2+ 83. Kh3 Rb3+ 84. Kh2 Kg4 0-1

[Event "*** SCC Grand Prix: Titled Tuesday Blitz"]
[Site "Chess.com"]
[Date "2020.08.11"]
[Round "9"]
[White "Mikasinski"]
[Black "kobemagic"]
[Result "0-1"]
[WhiteElo "2437"]
[BlackElo "2306"]
[TimeControl "180+1"]
[EndTime "11:48:08 PDT"]
[Termination "kobemagic won by resignation"]

1. e4 Nf6 2. e5 Nd5 3. c4 Nb6 4. d4 d6 5. exd6 exd6 6. Nc3 Nc6 7. b3 Be7 8. Be3 O-O 9. Nf3 Bg4 10. h3 Bxf3 11. Qxf3 Bg5 12. Bd3 Bxe3 13. fxe3 Qh4+ 14. g3 Qh6 15. Kf2 Rae8 16. Rae1 Re7 17. Qf4 Qxf4+ 18. gxf4 f5 19. d5 Nb4 20. Bb1 a5 21. Nb5 Na6 22. Nd4 g6 23. h4 Nc5 24. h5 Nbd7 25. hxg6 hxg6 26. Rh6 Rg7 27. Rg1 Nf6 28. Kf3 Ng4 29.
Rxg4 fxg4+ 30. Kxg4 Re8 31. Bxg6 Rxe3 32. Nf5 Re1 33. Kf3 Rf1+ 34. Ke3 Rg1 35. Nxg7 Kxg7 36. Rh7+ Kxg6 37. Rxc7 Kf6 38. Rc8 Rg7 39. Rd8 Rd7 40.
Ra8 b6 41. Kd4 Re7 42. Rd8 Re4+ 43. Kc3 Ke7 44. Rb8 Nd7 45. a3 Rxf4 46. Rb7 Kd8 47. Ra7 Kc8 48. b4 axb4+ 49. axb4 Rf3+ 50. Kd4 Rf4+ 51.
Kc3 Rf7 52. Kd4 Kb8 53. Ra6 Kb7 54. Ra2 Ne5 55. c5 Rf4+ 56. Ke3 Rxb4 57. c6+ Nxc6 58. dxc6+ Kxc6 59. Kd3 b5 60. Kc3 Kc5 61. Ra8 Rc4+ 62.
Kb3 Rd4 63. Rc8+ Kb6 64. Rd8 d5 65. Kc3 Rc4+ 66. Kd3 Rc5 67. Kd4 Rc4+ 68. Kxd5 Rc1 69. Rb8+ Ka5 70. Ra8+ Kb4 71. Rb8 Ka4 72. Ra8+ Kb3 73.
Kd4 b4 74. Kd3 Rd1+ 75. Ke2 Rd7 76. Ra1 Kb2 77. Ra8 b3 78. Rb8 Kc2 79. Rc8+ Kb1 80. Rb8 b2 81. Rb5 Rd4 82. Ke3 Rd8 83. Ke2 Rd7 84.
Ke3 Rd1 85. Ke2 Rc1 86. Ra5 Kc2 87. Rc5+ Kb3 88. Rb5+ Kc3 89. Rc5+ Kd4 90. Rb5 0-1